Map: Triton LE

Players

ViBE - Winner!

  • Race: Terran Terran
  • League: Master
  • Spawn Location: 11:00

llllllllllll

  • Race: Terran Terran
  • League: Diamond
  • Spawn Location: 5:00

VOD

Have the link to the VOD?

Description

Time

  • Played on: Dec. 26, 2019, 7:56 p.m.
  • Length: 11:14
Show
View Real Time Build Order
Export as new Build Order

ViBE Terran - Winner!

Build Orders: Reaper Expand, Mech 

Get SALT Encoding   

  12  0:01  SCV  
  13  0:18  SCV, Supply Depot  
  14  0:31  SCV  
  15  0:43  SCV, Barracks  
  15  0:46  Refinery  
  16  0:55  SCV  
  17  1:07  SCV  
  18  1:20  SCV  
  19  1:34  Orbital Command  
  19  1:35  Reaper  
  20  1:47  Command Center  
  20  2:01  SCV  
  21  2:06  Supply Depot  
  21  2:13  SCV  
  22  2:17  Refinery  
  22  2:18  Factory  
  22  2:25  SCV  
  22  2:26  Barracks Tech Lab  
  23  2:37  SCV  
  24  2:49  SCV  
  25  3:01  SCV  
  25  3:05  SCV  
  27  3:13  SCV, Bunker  
  27  3:18  Starport  
  28  3:21  Marine  
  28  3:27  Siege Tank  
  32  3:31  SCV  
  33  3:34  Command Center  
  33  3:47  Orbital Command  
  31  3:56  Starport Reactor  
  31  4:01  SCV  
  32  4:10  Siege Tank  
  32  4:13  SCV x2  
  37  4:23  Supply Depot  
  37  4:25  SCV x2  
  39  4:32  Viking x2  
  39  4:37  SCV x2  
  45  4:39  Factory  
  45  4:46  Orbital Command  
  45  4:49  SCV, Factory  
  45  4:51  SCV  
  47  5:00  Refinery  
  47  5:01  Engineering Bay  
  47  5:02  SCV, Refinery  
  47  5:03  SCV  
  49  5:08  Orbital Command  
  49  5:14  SCV  
  50  5:15  SCV  
  50  5:16  Siege Tank  
  53  5:23  Factory Tech Lab  
  53  5:26  SCV  
  53  5:27  SCV  
  55  5:33  SCV  
  56  5:37  Factory Reactor  
  56  5:38  SCV  
  56  5:39  SCV, Viking  
  56  5:41  Viking  
  62  5:45  SCV  
  59  5:50  SCV  
  59  5:51  SCV  
  61  6:03  SCV x2  
  61  6:04  SCV  
  63  6:09  Siege Tank x2  
  69  6:21  Supply Depot x2  
  69  6:22  Supply Depot  
  69  6:35  Command Center  
  69  6:37  Sensor Tower  
  69  6:42  SCV x3  
  69  6:45  Siege Tank x2  
  69  6:46  Hellion x2  
  69  6:47  Viking  
  84  6:54  SCV x3  
  87  7:02  Refinery  
  87  7:03  Refinery  
  87  7:06  SCV x3  
  90  7:08  Starport  
  90  7:09  Starport, Hellion  
  90  7:15  Supply Depot  
  92  7:17  Supply Depot  
  92  7:18  SCV  
  92  7:19  Supply Depot  
  93  7:25  Supply Depot  
  93  7:26  Supply Depot  
  93  7:37  SCV x3, Hellion  
  98  7:46  Starport Reactor x2  
  98  7:47  Viking x2  
  98  7:49  SCV x3  
  105  7:55  Command Center  
  105  7:59  Siege Tank  
  105  8:01  SCV x2  
  105  8:03  SCV  
  111  8:07  Siege Tank  
  114  8:13  SCV x2  
  114  8:17  SCV  
  114  8:19  Planetary Fortress  
  115  8:21  Viking x2  
  115  8:25  SCV x2  
  121  8:29  SCV  
  121  8:32  Sensor Tower  
  122  8:37  SCV x2  
  122  8:38  Viking x2  
  122  8:41  Refinery  
  128  8:42  SCV, Sensor Tower, Viking  
  128  8:45  Refinery  
  128  8:46  Siege Tank  
  128  8:48  Siege Tank  
  137  8:49  SCV x2  
  137  8:50  Hellion  
  137  8:52  Hellion  
  137  8:55  SCV x2  
  145  9:00  Supply Depot  
  145  9:01  SCV, Supply Depot  
  146  9:03  Viking  
  146  9:07  SCV, Viking  
  151  9:11  Command Center  
  151  9:23  Siege Tank x2  
  155  9:24  Viking x3  
  155  9:25  Viking  
  163  9:38  Armory x2  
  163  9:56  Siege Tank x2  
  163  9:58  Hellion  
  148  10:11  Viking x5  
  158  10:18  SCV  
  159  10:27  Fusion Core  
  159  10:28  Siege Tank x2  
  152  10:52  SCV x4  
Show
View Real Time Build Order
Export as new Build Order

llllllllllll Terran 

Build Orders: Gas First Reaper Expand, Liberator Opening, Mech 

Get SALT Encoding   

  12  0:00  SCV  
  13  0:13  SCV  
  14  0:18  Supply Depot  
  14  0:25  SCV  
  15  0:33  Refinery  
  15  0:39  SCV  
  16  0:48  Barracks  
  16  0:51  SCV  
  17  1:03  SCV  
  18  1:15  SCV  
  19  1:37  Reaper  
  19  1:38  Orbital Command  
  20  1:52  Command Center  
  20  2:01  Factory  
  20  2:05  SCV  
  21  2:12  Reaper  
  22  2:19  SCV  
  22  2:21  Supply Depot  
  23  2:23  Refinery  
  23  2:42  SCV  
  24  2:45  Barracks Reactor  
  24  2:49  Hellion  
  26  2:54  SCV  
  26  3:06  SCV  
  26  3:12  Factory Tech Lab, Orbital Command  
  27  3:18  SCV  
  28  3:24  Marine x2  
  28  3:25  Refinery  
  30  3:31  SCV  
  31  3:37  Starport, Siege Tank  
  31  3:38  SCV  
  35  3:43  SCV  
  35  3:50  SCV  
  35  3:55  SCV  
  36  3:56  Marine x2  
  36  3:59  Liberator  
  38  4:07  SCV x2  
  38  4:11  Engineering Bay  
  41  4:19  SCV x2, Siege Tank  
  46  4:31  Supply Depot  
  46  4:38  Supply Depot  
  46  4:42  Missile Turret  
  46  4:47  Missile Turret  
  46  4:52  Marine x2  
  46  4:53  SCV x2  
  46  4:57  Command Center  
  46  4:58  Siege Tank  
  53  5:01  Starport Tech Lab  
  53  5:05  Supply Depot  
  53  5:08  SCV x2  
  53  5:13  Factory  
  55  5:20  SCV, Refinery  
  55  5:21  SCV  
  57  5:22  Raven  
  59  5:30  Marine x2  
  59  5:33  SCV x2, Supply Depot  
  63  5:38  Siege Tank  
  66  5:45  SCV x2  
  68  5:57  SCV x2  
  67  6:09  SCV x2  
  67  6:11  Orbital Command  
  69  6:16  Factory  
  69  6:18  Factory, Viking x2  
  71  6:19  Barracks Tech Lab  
  71  6:20  Factory  
  73  6:26  Siege Tank  
  73  6:29  SCV x2  
  73  6:31  Supply Depot  
  78  6:38  Missile Turret, Orbital Command  
  78  6:41  SCV x2  
  78  6:44  Missile Turret  
  80  6:48  Siege Tank  
  80  6:53  SCV x2  
  85  7:04  Barracks Reactor  
  85  7:05  SCV x3, Sensor Tower  
  88  7:12  Factory Reactor  
  88  7:13  Factory Tech Lab  
  88  7:17  SCV x2  
  88  7:18  SCV  
  88  7:19  Refinery  
  88  7:20  Refinery  
  88  7:21  Sensor Tower, Siege Tank  
  94  7:27  Supply Depot  
  94  7:29  SCV  
  96  7:30  SCV x2  
  96  7:33  Supply Depot  
  97  7:40  Armory  
  97  7:41  SCV  
  97  7:42  SCV x2, Armory  
  100  7:49  Supply Depot  
  100  7:50  Supply Depot  
  100  7:53  SCV  
  100  7:54  SCV x2  
  103  7:59  Supply Depot, Hellion x2, Siege Tank x2  
  103  8:04  Supply Depot  
  113  8:05  SCV  
  113  8:06  Siege Tank  
  113  8:12  Missile Turret x2  
  117  8:15  SCV x2  
  119  8:20  Supply Depot, Command Center  
  119  8:21  Supply Depot  
  119  8:25  Viking  
  119  8:26  Viking  
  123  8:33  Terran Vehicle And Ship Armor Level 1, Terran Vehicle Weapons Level 1  
  127  8:34  Hellbat x2  
  127  8:38  Siege Tank  
  127  8:40  Supply Depot  
  130  8:47  Starport  
  130  8:48  SCV x3, Barracks Reactor  
  130  8:54  Siege Tank  
  136  8:57  Hellbat x2  
  136  9:01  Siege Tank  
  143  9:07  Supply Depot  
  143  9:13  Command Center  
  143  9:15  Missile Turret, Siege Tank  
  143  9:16  Missile Turret  
  146  9:20  Hellbat x2  
  146  9:21  Siege Tank  
  146  9:23  Infernal Pre-Igniter  
  153  9:26  SCV  
  153  9:27  SCV x2  
  156  9:31  Supply Depot  
  156  9:36  Viking x2  
  150  9:56  Viking x2  
  131  10:04  Hellbat x2  
  128  10:08  Viking x2  
  132  10:16  Starport  
  132  10:19  Starport, Planetary Fortress  
  129  10:25  Barracks Reactor  
  129  10:31  Viking x2  
  121  10:39  Viking x2  
  121  10:41  Hellbat x2  
Tags
 
Add a new tag
Caveats
  • Supply blocks, unpowered buildings, or Contaminate may cause inaccurate times.
  • Supply counts are checked every 10 seconds.